 Dungeon Crawl Stone Soup version 0.21.1-1-g345015f (webtiles) character file.

4 tidbits the Insei (level 1, 0/17 HPs)
             Began as a Gnoll Transmuter on Feb 19, 2018.
             Shot with a stone by a goblin (7 damage)
             ... on level 3 of the Dungeon.
             The game lasted 00:01:20 (99 turns).

tidbits the Insei (Gnoll Transmuter)                  Turns: 99, Time: 00:01:21

Health: 0/17       AC:  2    Str: 12    XL:     1   Next: 70%
Magic:  6/6        EV: 14    Int: 20    God:
Gold:   16         SH:  0    Dex: 15    Spells: 8/9 levels left

rFire    . . .     SeeInvis .     - Unarmed
rCold    . . .     Gourm    .   (no shield)
rNeg     . . .     Faith    .   b - +0 robe
rPois    .         Spirit   .   (no helmet)
rElec    .         Reflect  .   (no cloak)
rCorr    .         Harm     .   (no gloves)
MR       .....                  (no boots)
Stlth    ..........             (no amulet)
HPRegen  0.05/turn              g - ring of loudness (curse)
MPRegen  0.10/turn              (no ring)

@: brilliant, flying
A: distributed training, fangs 1, strong nose
a: no special abilities


You were on level 3 of the Dungeon.
You were not hungry.

You visited 1 branch of the dungeon, and saw 4 of its levels.

You collected 16 gold pieces.

Inventory:

Hand Weapons
 h - a +0 short sword
Missiles
 a - 12 arrows
Armour
 b - a +0 robe (worn)
Jewellery
 g - a cursed ring of loudness (left hand)
   (You found it on level 3 of the Dungeon)
Scrolls
 i - 2 scrolls of identify {unknown}
Books
 c - a book of Changes

   Spells                             Type                      Level
   a - Beastly Appendage              Transmutation                1
   b - Sticks to Snakes               Transmutation                2
   c - Spider Form                    Transmutation/Poison         3
   d - Ice Form                       Ice/Transmutation            4
   e - Blade Hands                    Transmutation                5
Comestibles
 d - a ration


   Skills:
 + Level 2.4 Fighting
 + Level 0.1 Short Blades
 + Level 0.1 Long Blades
 + Level 0.1 Axes
 + Level 0.1 Maces & Flails
 + Level 0.1 Polearms
 + Level 0.1 Staves
 + Level 0.1 Slings
 + Level 0.1 Bows
 + Level 0.1 Crossbows
 + Level 0.1 Throwing
 + Level 0.1 Armour
 + Level 4.4 Dodging
 + Level 0.1 Stealth
 + Level 0.1 Shields
 + Level 6.4 Unarmed Combat
 + Level 4.9 Spellcasting
 + Level 0.1 Conjurations
 + Level 0.1 Hexes
 + Level 0.1 Charms
 + Level 0.1 Summonings
 + Level 0.1 Necromancy
 + Level 0.1 Translocations
 + Level 3.6 Transmutations
 + Level 0.1 Fire Magic
 + Level 0.1 Ice Magic
 + Level 0.1 Air Magic
 + Level 0.1 Earth Magic
 + Level 0.1 Poison Magic
 + Level 0.2 Invocations
 + Level 0.1 Evocations


You had 8 spell levels left.
You knew the following spells:

 Your Spells              Type           Power        Failure   Level  Hunger
e - Beastly Appendage     Tmut           ####..       1%          1    None


Dungeon Overview and Level Annotations

Branches:
Dungeon (4/15)
 Temple: D:4-7

Altars:

Shops:
D:4 *(


Innate Abilities, Weirdness & Mutations

Your experience applies equally to all skills.
You have very sharp teeth.
Your uncanny sense of smell can sniff out nearby items.


Message History

Found a knobbly steel ring.
Unknown command.
Casting: Beastly Appendage
Confirm with . or Enter, or press ? or * to list all spells.
Your feet morph into talons.
The bat hits you. The bat barely misses you. The bat misses you.
The bat hits you.
You hit the bat. Your bite misses the bat.
The bat is moderately wounded.
The bat hits you but does no damage. The bat completely misses you.
You barely miss the bat. The bat hits you. The hobgoblin barely misses you.
You hit the hobgoblin.
The hobgoblin is almost dead.
Your transformation is almost over.
The bat misses you.
The hobgoblin hits you but does no damage.
You closely miss the hobgoblin.
You kill the hobgoblin!
The bat hits you but does no damage.
You closely miss the bat.
You kill the bat!
You see here a bat corpse.
A kobold comes into view. It is wielding a short sword.
You see here a knobbly steel ring.
g - a knobbly steel ring The kobold shouts!
Put on which piece of jewellery? (? for menu, Esc to quit)
Oops, that ring feels deathly cold.
g - a cursed ring of loudness (left hand)
Casting: Beastly Appendage
Confirm with . or Enter, or press ? or * to list all spells.
You extend your transformation's duration.
You hit the kobold but do no damage. The kobold hits you with a short sword.
You completely miss the kobold. Your kick misses the kobold.
The kobold hits you with a short sword.
You barely miss the kobold. Your kick misses the kobold.
Your bite misses the kobold. The kobold hits you with a short sword.
You closely miss the kobold. Your kick misses the kobold.
The kobold closely misses you.
You barely miss the kobold. Your kick misses the kobold.
Your transformation is almost over.
The kobold misses you.
You hit the kobold but do no damage.
You kill the kobold!
Things that are here:
a short sword; 2 scrolls labeled FEIROP USHRITEA; a kobold corpse
h - a short sword;
i - 2 scrolls labeled FEIROP USHRITEA
Found a short sword.
There is a stone staircase leading down here.
Your talons disappear.
You climb downwards.
A scorpion and an ogre come into view.
The ogre shouts!
Found 19 sling bullets, 15 gold pieces, 2 throwing nets and a robe.
Found Daugaka's Weapon Boutique and Yshural's Assorted Antiques.
Found a stone staircase leading down and a stone staircase leading up.
There is a stone staircase leading up here.
You see here 19 sling bullets.
Casting: Beastly Appendage
Confirm with . or Enter, or press ? or * to list all spells.
You grow a pair of large bovine horns.
A giant cockroach comes into view.
Casting: Beastly Appendage
Confirm with . or Enter, or press ? or * to list all spells.
You don't know that spell.
There is an entrance to Daugaka's Weapon Boutique here.
It was a potion of brilliance.
You feel clever all of a sudden. The scorpion barely misses you.
It was a potion of flight.
You feel very buoyant.
You fly up into the air.
The scorpion completely misses you. The scorpion misses you.
You see here 19 sling bullets.
An adder skeleton comes into view.
The giant cockroach bites you. x2
* * * LOW HITPOINT WARNING * * *
There is a stone staircase leading up here.
Unknown command.
The giant cockroach barely misses you.
You fly upwards.
Your transformation is almost over.
There is a stone staircase leading down here.
You barely miss the giant cockroach.
The giant cockroach bites you but does no damage.
You closely miss the giant cockroach. The giant cockroach bites you.
* * * LOW HITPOINT WARNING * * *
You hit the giant cockroach.
The giant cockroach is almost dead.
The giant cockroach completely misses you.
You hit the giant cockroach.
You kill the giant cockroach!
Okay, then.
Your horns disappear.
A goblin comes into view. It is wielding a dagger.
The goblin shouts!
The goblin unwields an uncursed dagger.
The goblin wields a hunting sling.
The goblin shoots a stone.
The stone hits you!
You die...

# . .# #.##
########...#
#.......g..# #@# ∆
#.##.###########
#......##......#
####.#.##<.....#
#.####.#.##......#
#......#.##......####
###...#.........#
#.......)...##.#
##...#......##.#


You could see a goblin.

Vanquished Creatures
  A bat (D:3)
  A giant cockroach (D:3)
  A hobgoblin (D:3)
  A kobold (D:3)
4 creatures vanquished.

Notes
Turn   | Place    | Note
-------+----------+-------------------------------------------
     0 | D:1      | tidbits the Gnoll Transmuter began the quest for the Orb.
     0 | D:1      | Reached XP level 1. HP: 17/17 MP: 6/6
    70 | D:4      | Found Daugaka's Weapon Boutique.
    70 | D:4      | Found Yshural's Assorted Antiques.
    70 | D:4      | Noticed a scorpion
    70 | D:4      | Noticed an ogre
    99 | D:3      | Shot with a stone by a goblin

Action                   || total
-------------------------++-------
Melee: Unarmed           ||    15
       Kick              ||     3
 Cast: Beastly Appendage ||     3
  Use: Potion            ||     2
Armor: Robe              ||     4
Dodge: Dodged            ||    13

Table legend:
 A = Turns spent in this place as a percentage of turns spent in the entire game.
 B = Non-inter-level travel turns spent in this place as a percentage of non-inter-level travel turns spent in the entire game.
 C = Inter-level travel turns spent in this place as a percentage of turns spent in this place.
 D = Turns resting spent in this place as a percentage of non-inter-level travel turns spent in this place.
 E = Turns spent auto-exploring this place as a percentage of non-inter-level travel turns spent in this place.
 F = Non-inter-level travel turns spent in this place divided by the number of levels of this place that you've seen.
                   A       B       C       D       E      F
               +-------+-------+-------+-------+-------+----------------------
         Total | 100.0 | 100.0 |   0.0 |   0.0 |   0.0 |  24.8
       Dungeon | 100.0 | 100.0 |   0.0 |   0.0 |   0.0 |  24.8
               +-------+-------+-------+-------+-------+----------------------

Table legend:
 A = Kills in this place as a percentage of kills in entire the game.
 B = Kills by you in this place as a percentage of kills by you in the entire game.
 C = Kills by friends in this place as a percentage of kills by friends in the entire game.
 D = Other kills in this place as a percentage of other kills in the entire game.
 E = Experience gained in this place as a percentage of experience gained in the entire game.
 F = Experience gained in this place divided by the number of levels of this place that you have seen.
                   A       B       C       D       E      F
               +-------+-------+-------+-------+-------+----------------------
         Total | 100.0 | 100.0 |   N/A |   N/A | 100.0 |   1.8
       Dungeon | 100.0 | 100.0 |   N/A |   N/A | 100.0 |   1.8
               +-------+-------+-------+-------+-------+----------------------

Vault maps used:
D:1:      dpeg_arrival_pits, minmay_misc_feat_hallway
D:2:      makhleb_heckhound_becter, chequers_ecumenical_altar_island
D:3:      first_ration, tso_metal_star
D:4:      minmay_temple_entry_large_hall, serial_shops,
          nicolae_shop_overgrown_old_shop, shop, shop, shop, shop_fountains,
          uniq_natasha
